 Dungeon Crawl Stone Soup version 0.25-a0-185-g6cfeca75b2 (webtiles) character file.

Game seed: 8283021532363894452, levelgen mode: deterministic

871 night the Magician (level 7, -6/52 HPs)
             Began as a Mummy Fire Elementalist on Nov 27, 2019.
             Mangled by a two-headed ogre
             ... wielding a +0 giant spiked club
              (21 damage)
             ... on level 6 of the Dungeon.
             The game lasted 00:18:19 (6628 turns).

night the Magician (Mummy Fire Elementalist)        Turns: 6628, Time: 00:18:20

Health: -6/52      AC:  7    Str: 11    XL:     7   Next: 73%
Magic:  3/16       EV: 11    Int: 17    God:
Gold:   163        SH:  0    Dex: 12    Spells: 3/18 levels left

rFire    x . .     SeeInvis +   w - +1 rapier of True Grit {elec, -Tele rElec MR+++ SInv}
rCold    + . .     Gourm    .   (no shield)
rNeg     + + +     Faith    .   c - +0 troll leather armour {Purgy}
rPois    ∞         Spirit   .   f - +2 hat
rElec    +         Reflect  .   (no cloak)
rCorr    .         Harm     .   p - +0 pair of gloves
MR       +++..     NoTele   +   (no boots)
Stlth    +.........             k - amulet of magic regeneration
HPRegen  0.57/turn              g - +4 ring of slaying
MPRegen  0.40/turn              (no ring)

@: very slightly contaminated
A: no food or potions, fire vulnerability, cold resistance 1, negative energy
resistance 3, torment resistance, unbreathing
a: no special abilities


You were on level 6 of the Dungeon.
You were not hungry.

You visited 2 branches of the dungeon, and saw 7 of its levels.

You collected 189 gold pieces.
You spent 26 gold pieces at shops.

Inventory:

Hand Weapons
 h - a +0 short sword
 w - the +1 rapier of True Grit (weapon) {elec, -Tele rElec MR+++ SInv}
   (You found it on level 6 of the Dungeon)

   Occasionally, upon striking a foe, it will discharge some electrical energy
   and cause terrible harm.
   It insulates you from electricity.
   It affects your resistance to hostile enchantments.
   It lets you see invisible.
   It prevents most forms of teleportation.
Missiles
 j - 29 poisoned darts (quivered)
 x - 5 atropa-tipped darts
Armour
 a - a +0 robe
 c - a +0 troll leather armour (worn) {Purgy}
 f - a +2 hat (worn)
 p - a +0 pair of gloves (worn)
 q - a +0 buckler
Magical Staves
 t - an uncursed staff of summoning
Jewellery
 d - an uncursed amulet of regeneration
 g - a +4 ring of slaying (left hand)
 k - an amulet of magic regeneration (around neck)
Wands
 i - a wand of acid (3)
Scrolls
 b - 3 scrolls of teleportation
 e - 2 scrolls of remove curse
 l - a scroll of magic mapping
 m - 2 scrolls of blinking
 n - a scroll of enchant armour {unknown}
 o - a scroll of amnesia
 r - a scroll of immolation {unknown}
 s - a scroll of fear {unknown}
 u - 3 scrolls of fog
 v - a scroll of enchant weapon {unknown}


   Skills:
 + Level 3.5 Fighting
 - Level 1.5 Dodging
 - Level 1.5 Stealth
 + Level 6.1 Spellcasting
 + Level 3.7 Conjurations
 + Level 4.5 Fire Magic


You had 3 spell levels left.
You knew the following spells:

 Your Spells              Type           Power        Failure   Level  Hunger
a - Flame Tongue          Conj/Fire      ###..        3%          1    N/A
b - Throw Flame           Conj/Fire      ###...       4%          2    N/A
c - Conjure Flame         Conj/Fire      ###.....     10%         3    N/A
d - Sticky Flame          Conj/Fire      ###.....     30%         4    N/A
e - Fireball              Conj/Fire      ###.......   65%         5    N/A

Your spell library contained the following spells:

 Spells                   Type           Power        Failure   Level  Hunger
 Inner Flame              Hex/Fire       ##......     21%         3    N/A

Dungeon Overview and Level Annotations

Branches:
Dungeon (6/15)             Temple (1/1) D:5

Altars:
Ashenzari
Cheibriados
Dithmenos
Fedhas
Hepliaklqana
Kikubaaqudgha
Makhleb
Nemelex Xobeh
Okawaru
Ru
Sif Muna
Trog
Uskayaw
Wu Jian
Xom
Yredelemnul
Zin
The Shining One

Shops:
D:5 ?


Innate Abilities, Weirdness & Mutations

You do not eat or drink.
Your flesh is vulnerable to fire.
You are immune to poison.
Your flesh is cold resistant. (rC+)
You are immune to negative energy. (rN+++)
You are immune to unholy pain and torment.
You can survive without breathing.


Message History

The two-headed ogre hits you with a +0 giant club!
* * * LOW HITPOINT WARNING * * *
Casting: Throw Flame (safe; 4% risk of failure)
Confirm with . or Enter, or press ? or * to list all spells.
Aiming: Sticky Flame (quite dangerous; 30% risk of failure)
Press: ? - help, Shift-Dir - straight line, f/p - two-headed ogre
Aim: a two-headed ogre, wielding a +0 giant spiked club and a +0 giant club (almost dead)
You miscast Sticky Flame.
You are very lightly contaminated with residual magic.
Nothing appears to happen.
The two-headed ogre completely misses you.
The two-headed ogre barely misses you.
Casting: Sticky Flame (quite dangerous; 30% risk of failure)
Confirm with . or Enter, or press ? or * to list all spells.
Aiming: Sticky Flame (quite dangerous; 30% risk of failure)
Press: ? - help, Shift-Dir - straight line, f/p - two-headed ogre
Aim: a two-headed ogre, wielding a +0 giant spiked club and a +0 giant club (almost dead)
You miscast Sticky Flame.
You feel a strange surge of energy!
The two-headed ogre hits you with a +0 giant spiked club!!
You die...

########
###########......#
#.....#......O@..#
#.....#.###......#
#...(.#.# #......#
###.....#.#
#####.##
........).# #.###
..$.?...### #...#
......$.# ###.#
#### ........#
#.## #..#
.......## #..#
##..#


You could see a two-headed ogre.

Vanquished Creatures
  Grinder (D:6)
  Edmund (D:4)
  Purgy (D:3)
  An ice beast (D:5)
  A howler monkey (D:4)
  2 crimson imps
  A hound (D:5)
  2 worker ants
  2 hound skeletons (D:4)
  8 adders
  An ooze (D:4)
  An adder skeleton (D:2)
  4 worms
  4 dart slugs
  3 leopard geckos
  6 orcs
  3 ball pythons
  3 giant cockroaches
  8 goblins
  6 hobgoblins
  2 jackals (D:1)
  2 quokkas
  4 bats
  4 frilled lizards (D:1)
  A jackal skeleton (D:4)
  14 kobolds
  8 rats
94 creatures vanquished.

Vanquished Creatures (others)
  A worm (D:5)
1 creature vanquished.

Grand Total: 95 creatures vanquished

Notes
Turn   | Place    | Note
-------+----------+-------------------------------------------
     0 | D:1      | night the Mummy Fire Elementalist began the quest for the
                  | Orb.
     0 | D:1      | Reached XP level 1. HP: 13/13 MP: 4/4
   202 | D:1      | Reached skill level 1 in Conjurations
   332 | D:1      | Reached skill level 3 in Spellcasting
   380 | D:1      | Reached XP level 2. HP: 12/19 MP: 0/6
   496 | D:1      | Learned a level 2 spell: Throw Flame
  1053 | D:1      | Reached XP level 3. HP: 24/24 MP: 1/7
  1284 | D:1      | Learned a level 3 spell: Conjure Flame
  1561 | D:1      | You fall into a shaft and drop 1 floor!
  1930 | D:2      | Reached XP level 4. HP: 30/30 MP: 6/9
  1973 | D:2      | Learned a level 4 spell: Sticky Flame
  2209 | D:2      | Found a glowing golden altar of the Shining One.
  2733 | D:2      | Reached skill level 4 in Spellcasting
  3383 | D:3      | Noticed Purgy
  3505 | D:3      | Killed Purgy
  3505 | D:3      | Reached skill level 1 in Fighting
  3505 | D:3      | Reached XP level 5. HP: 18/37 MP: 2/11
  3698 | D:3      | Found a sacrificial altar of Ru.
  4225 | D:4      | Reached XP level 6. HP: 39/44 MP: 7/13
  4640 | D:4      | Found a sparkling altar of Nemelex Xobeh.
  4661 | D:4      | Reached skill level 5 in Spellcasting
  5234 | D:4      | Learned a level 5 spell: Fireball
  5291 | D:5      | Entered Level 5 of the Dungeon
  5341 | D:5      | Noticed Edmund
  5372 | D:4      | Killed Edmund
  5439 | D:5      | Noticed an ice beast
  5448 | D:5      | Killed an ice beast
  5448 | D:5      | Reached XP level 7. HP: 44/51 MP: 5/15
  5873 | D:5      | Found Luxika's Magic Scroll Boutique.
  5976 | D:5      | Found a staircase to the Ecumenical Temple.
  5982 | Temple   | Entered the Ecumenical Temple
  6311 | D:5      | Bought a scroll of fog for 26 gold pieces
  6484 | D:6      | Got a crystal rapier
  6485 | D:6      | Identified the +1 rapier of True Grit {elec, -Tele rElec
                  | MR+++ SInv} (You found it on level 6 of the Dungeon)
  6519 | D:6      | Noticed Grinder
  6535 | D:6      | Killed Grinder
  6535 | D:6      | Reached skill level 6 in Spellcasting
  6605 | D:6      | Noticed a two-headed ogre
  6628 | D:6      | Mangled by a two-headed ogre

Levels and vault maps discovered:
D:1:      eino_arrival_water_star, layout_loops_ring
D:2:      layout_basic, lemuel_crystal_altar, minmay_fountain_box
D:3:      layout_basic, first_ration, nicolae_ru_the_path_less_chosen,
          uniq_purgy
D:4:      layout_loops_corners, nemelex_xobeh_ov_fountains_minmay,
          minmay_misc_feat_hallway
D:5:      layout_gridville, minmay_temple_entry_nine_rooms, serial_shops,
          nicolae_shop_waterfront, uniq_edmund
D:6:      layout_rooms, uniq_grinder, uniq_prince_ribbit1
Temple:   eino_temple_rhombus

Skill      XL: |  1  2  3  4  5  6  7 |
---------------+----------------------+-----
Conjurations   | 1 2 3 |  3.7
Spellcasting   | 3 4 5 6 |  6.1
Fire Magic     | 3 4 |  4.5
Fighting       | 1 2 3 |  3.5
Dodging        | |  1.5
Stealth        | |  1.5

Action                   |  1- 3 |  4- 6 |  7- 9 || total
-------------------------+-------+-------+-------++-------
Melee: Unarmed           |     8 |       |       ||     8
       Short sword       |       |    37 |    66 ||   103
       Rapier            |       |       |    11 ||    11
 Cast: Flame Tongue      |    62 |    88 |     8 ||   158
       Throw Flame       |     2 |    37 |    12 ||    51
       Sticky Flame      |       |     5 |     2 ||     7
  Use: Scroll            |       |     6 |     3 ||     9
 Stab: Sleeping          |       |     2 |       ||     2
Armor: Robe              |     9 |    24 |       ||    33
       Troll leather arm |       |     1 |    30 ||    31
Dodge: Dodged            |    30 |    71 |    38 ||   139

Table legend:
 A = Non-vault XP
 B = Vault XP
 C = Vault XP percentage of total XP
 D = Non-vault monster count
 E = Vault monster count
 F = Vault count percentage of total count
                 A         B        C        D         E       F
            +---------+---------+-------+---------+---------+-------
      Total |     688 |     557 |  44.7 |      91 |       3 |   3.2
            +---------+---------+-------+---------+---------+-------
        D:1 |      53 |       0 |   0.0 |      31 |       0 |   0.0
        D:2 |      89 |       0 |   0.0 |      28 |       0 |   0.0
        D:3 |      57 |     132 |  69.8 |      11 |       1 |   8.3
        D:4 |     214 |     153 |  41.7 |      13 |       1 |   7.1
        D:5 |     272 |       0 |   0.0 |       7 |       0 |   0.0
        D:6 |       3 |     272 |  98.9 |       1 |       1 |  50.0
            +---------+---------+-------+---------+---------+-------
